AoeStats
← [SCP] Draper

Nomad

509505158Analyzed
3v3 RM · 4d ago on Sep 27, 2026· 31m 15s· 6 players
Game mode
Random Map
Map size
210×210
Population
200
Speed
Normal
Resources
Standard
Victory
Conquest
Starting age
Dark Age
Ending age
Imperial Age
RankedLock teamsTeams togetherTeam positionsShared explorationLock speedFull tech treeHidden civsTurbo modeCheats
Victory
Defeat
🇬🇹 Inca · Guatemala
1466
+11
1429
+13
🇲🇽 Varangians · Mexico
1344
+17
🇲🇽 Lithuanians · Mexico
1383
-15
🇲🇽 Danes · Mexico
1375
-14
🇲🇽 Persians · Mexico
1320
-12
[SCP] Draper
8:26 Loom
11:50 Feudal Age
12:12 Double-Bit Axe
23:19 Castle Age
30:35 Bow Saw
[SCP] SkaZi
5:12 Loom
14:04 Feudal Age
16:08 Double-Bit Axe
18:28 Castle Age
16:49 Fletching
16:55 Gold Mining
19:29 Bodkin Arrow
20:11 Gold Shaft Mining
20:04 Fishing Lines
26:08 Wheelbarrow
25:23 Town Watch
26:52 Pikeman
27:33 Scale Mail Armor
SCP Faf
3:28 Loom
13:10 Feudal Age
14:41 Double-Bit Axe
17:10 Castle Age
16:38 Scale Barding Armor
17:16 Bloodlines
18:30 Town Watch
19:41 Forging
20:48 Husbandry
24:29 Fletching
26:12 Iron Casting
29:38 Chain Barding Armor
[JaMx] McLovin
4:38 Loom
13:36 Feudal Age
16:10 Fishing Lines
16:38 Double-Bit Axe
19:33 Castle Age
20:05 Bloodlines
23:17 Husbandry
24:23 Scale Barding Armor
27:09 Chain Barding Armor
28:20 Forging
29:39 Wheelbarrow
|FMG| Donde Estan Mis 5 Pizzas
5:01 Loom
12:09 Feudal Age
12:57 Double-Bit Axe
15:41 Gold Mining
16:29 Fletching
16:55 Forging
24:23 Castle Age
23:33 Stone Mining
23:35 Horse Collar
25:37 Medium Warships
24:47 Demolition Ship
25:25 Bodkin Arrow
26:05 Iron Casting
25:50 Fishing Lines
30:56 Ballistics
LvSP | DeathThunder
14:12 Feudal Age
17:39 Castle Age
15:38 Double-Bit Axe
15:44 Gold Mining
15:58 Fishing Lines
17:28 Scale Mail Armor
17:38 Forging
17:34 Loom
17:35 Champi Runner
18:01 Arson
18:38 Chain Mail Armor
18:34 Champi Warrior
19:15 Squires
19:27 Gillnets
20:19 Town Watch
23:15 Iron Casting
24:07 Pikeman
26:57 Wheelbarrow
28:17 Squires
29:03 Horse Collar
Connection lost

Rejoining the realm…

Still unreachable

The connection could not be restored.

Session expired

The server has moved on; the page needs a fresh start.